 Dungeon Crawl Stone Soup version 0.23.2-1-ga50397a (webtiles) character file.

Game seed: 5146495616753360714

226 wilfster70 the Skirmisher (level 5, -1/44 HPs)
             Began as a Demonspawn Wanderer on May 30, 2019.
             Splashed by a jelly's acid (9 damage)
             ... on level 5 of the Dungeon.
             The game lasted 00:09:49 (3549 turns).

wilfster70 the Skirmisher (Demonspawn Wanderer)     Turns: 3549, Time: 00:09:50

Health: -1/44      AC: -2    Str: 16    XL:     5   Next: 69%
Magic:  6/6        EV:  9    Int: 12    God:
Gold:   186        SH:  0    Dex: 11    Spells: 4/4 levels left

rFire    + . .     SeeInvis .   a - +3 hand crossbow
rCold    . . .     Gourm    .   (no shield)
rNeg     . . .     Faith    .   r - +0 chain mail
rPois    .         Spirit   .   (helmet restricted)
rElec    .         Reflect  .   (no cloak)
rCorr    .         Harm     .   (no gloves)
MR       .....                  o - +0 pair of boots
Stlth    ..........             (no amulet)
HPRegen  0.14/turn              (no ring)
MPRegen  0.10/turn              (no ring)

@: corroded
A: horns 1, repulsion field 1, fire resistance 1
a: no special abilities


You were on level 5 of the Dungeon.
You were not hungry.

You visited 1 branch of the dungeon, and saw 5 of its levels.

You collected 186 gold pieces.

Inventory:

Hand Weapons
 a - a +3 hand crossbow (weapon)
 b - a +0 dagger
Missiles
 c - 40 bolts (quivered)
Armour
 o - a +0 pair of boots (worn)
 r - a +0 chain mail (worn)
Jewellery
 q - an uncursed ring of protection from fire {unknown}
Wands
 h - a wand of enslavement (15)
Scrolls
 d - 3 scrolls of teleportation
 e - a scroll of magic mapping
 g - 4 scrolls of remove curse
 j - a scroll of immolation
 n - a scroll of amnesia
 u - a scroll of identify
Potions
 i - a potion of cancellation {unknown}
 k - 2 potions of curing
 l - a potion of heal wounds {unknown}
 m - a potion of flight {unknown}
 p - a potion of ambrosia {unknown}
 s - a potion of haste {unknown}
Comestibles
 f - 11 rations
 t - 2 chunks of flesh


   Skills:
 + Level 5.2 Fighting
 + Level 4.0 Crossbows
 + Level 2.0 Armour
 - Level 2.0 Dodging
 - Level 2.0 Evocations


You had 4 spell levels left.
You didn't know any spells.
Your spell library was empty.

Dungeon Overview and Level Annotations

Branches:
Dungeon (5/15)             Temple (0/1) D:5

Altars:
Vehumet

Shops:
D:5 (


Innate Abilities, Weirdness & Mutations

You have a pair of small horns on your head.
You are surrounded by a mild repulsion field. (EV +2)
Your flesh is heat resistant. (rF+)


Message History

The jelly hits you but does no damage.
You hit the jelly but do no damage.
Your hands burn!
The jelly is lightly wounded.
The jelly hits you. The acid corrodes you!
You are splashed with acid!
a - a +3 hand crossbow (weapon)
You are too injured to fight recklessly!
You are too injured to fight recklessly!
You are too injured to fight recklessly!
You are too injured to fight recklessly!
Firing (i - inventory)
c - 41 bolts (quivered)
Press: ? - help, Shift-Dir - straight line, f - jelly
Aim: a jelly (lightly wounded)
You shoot a bolt. The bolt hits the jelly.
The jelly is moderately wounded.
The jelly hits you. The acid corrodes you!
You are splashed with acid!
* * * LOW HITPOINT WARNING * * *
The jelly hits you.
* * * LOW HITPOINT WARNING * * *
You are splashed with acid!
You die...

..#.....# ........
#.....# (.. ......##.
>.. ......... ..
......##. ##.#
.#.##.##.######..
......##........####.#
......##.....##J@....#
.......#.........##.##
.............#####
.....###.....# .....#
#.....#### .....#
#.###(...##..
.....###.###........
....................
##.#####.##.........


You could see a jelly.

Vanquished Creatures
  A scorpion (D:5)
  A centaur zombie (D:5)
  9 adders
  A shadow imp (D:5)
  3 worms
  A dart slug (D:2)
  2 leopard geckos
  6 bats
  A giant cockroach (D:2)
  3 goblins (D:1)
  5 hobgoblins
  3 frilled lizards
  10 kobolds
  2 rats
48 creatures vanquished.

Notes
Turn   | Place    | Note
-------+----------+-------------------------------------------
     0 | D:1      | wilfster70 the Demonspawn Wanderer began the quest for the
                  | Orb.
     0 | D:1      | wilfster70 set off with the following items: a +0 hand
                  | crossbow, a wand of enslavement (15), 25 bolts, a scroll of
                  | teleportation, a +0 robe, a ration
     0 | D:1      | Reached XP level 1. HP: 19/19 MP: 2/2
   703 | D:1      | Gained mutation: Your flesh is heat resistant. (rF+)
                  | [demonic ancestry]
   703 | D:1      | Reached XP level 2. HP: 25/25 MP: 3/3
  1535 | D:2      | Reached XP level 3. HP: 23/31 MP: 4/4
  2013 | D:2      | Gained mutation: You have a pair of small horns on your
                  | head. [demonic ancestry]
  2013 | D:2      | Reached XP level 4. HP: 30/38 MP: 5/5
  2354 | D:3      | Reached skill level 1 in Armour
  2929 | D:5      | Entered Level 5 of the Dungeon
  2983 | D:5      | Found a radiant altar of Vehumet.
  3043 | D:5      | Found Car Goal's Weapon Emporium.
  3061 | D:5      | Gained mutation: You are surrounded by a mild repulsion
                  | field. (EV +2) [demonic ancestry]
  3061 | D:5      | Reached XP level 5. HP: 35/43 MP: 6/6
  3142 | D:5      | Reached skill level 5 in Fighting
  3540 | D:5      | Found a staircase to the Ecumenical Temple.
  3549 | D:5      | Splashed by a jelly's acid

Skill      XL: |  1  2  3  4  5 |
---------------+----------------+-----
Crossbows      | 3 4 |  4.0
Dodging        | 2 |  2.0
Armour         | 1 2 |  2.0
Fighting       | 5 |  5.2
Evocations     | |  2.0

Action                   |  1- 3 |  4- 6 || total
-------------------------+-------+-------++-------
Melee: Dagger            |   144 |    79 ||   223
       Headbutt          |       |    18 ||    18
 Fire: Hand crossbow     |    22 |    45 ||    67
  Use: Scroll            |       |    10 ||    10
  Eat: Chunk             |     3 |     5 ||     8
Armor: Robe              |     8 |       ||     8
       Chain mail        |    73 |    74 ||   147
Dodge: Dodged            |    67 |    49 ||   116
